 Dungeon Crawl Stone Soup version 0.26.1-11-gd32895ea62 (webtiles) character file.

Game seed: 8393248867324549607

9566 Almogavar the Thaumaturge (level 11, -5/55 HPs)
             Began as a Deep Elf Conjurer on May 24, 2021.
             Was a Believer of Nemelex Xobeh.
             Slain by a phantasmal warrior (31 damage)
             ... led by a death knight
             ... on level 10 of the Dungeon.
             The game lasted 00:55:10 (14224 turns).

Almogavar the Thaumaturge (Deep Elf Conjurer)      Turns: 14224, Time: 00:55:10

Health: -5/55      AC: 15    Str:  4    XL:     11   Next: 24%
Magic:  23/30      EV: 15    Int: 27    God:    Nemelex Xobeh [**....]
Gold:   765        SH:  5    Dex: 13    Spells: 18/37 levels left

rFire    . . .     SeeInvis .   I - +1 dagger (venom)
rCold    . . .     Faith    .   (no shield)
rNeg     . . .     Spirit   .   M - +0 steam dragon scales
rPois    .         Reflect  +   R - +1 helmet
rElec    .         Harm     .   o - +0 cloak
rCorr    .         Rampage  .   d - +2 pair of gloves
Will     +....                  (no boots)
Stlth    ++++......             k - amulet of reflection
HPRegen  0.18/turn              K - +4 ring of protection
MPRegen  0.22/turn              n - ring of wizardry

@: no status effects
A: no striking features
a: Renounce Religion, Draw Escape, Draw Destruction, Draw Summoning


You were on level 10 of the Dungeon.
You worshipped Nemelex Xobeh.
Nemelex Xobeh was pleased with you.
You visited 2 branches of the dungeon, and saw 11 of its levels.
You also visited: Ossuary.

You collected 765 gold pieces.

Inventory:

Hand Weapons
 e - the +0 flail of Conscience {vorpal, Str+4}
   (You found it on level 7 of the Dungeon)

   It inflicts extra damage upon your enemies.
   It affects your strength (+4).
 I - a +1 dagger of venom (weapon)
Armour
 d - a +2 pair of gloves (worn)
 h - a +0 leather armour of willpower
 o - a +0 cloak (worn)
 J - a +1 leather armour of positive energy
 M - +0 steam dragon scales (worn)
 R - a +1 helmet (worn)
Jewellery
 c - an uncursed ring of stealth
 k - an amulet of reflection (around neck)
 l - an uncursed ring of flight
 n - a ring of wizardry (right hand)
 p - an uncursed ring of fire
 r - an uncursed amulet of regeneration
 u - an uncursed ring of see invisible
 x - an uncursed ring of fire
 K - a +4 ring of protection (left hand)
Wands
 t - a wand of iceblast (11)
 A - a wand of paralysis (6)
 N - a wand of enslavement (10)
Scrolls
 a - a scroll of summoning {unknown}
 b - 2 scrolls of fog
 g - 2 scrolls of fear
 w - 4 scrolls of remove curse
 y - a scroll of vulnerability {unknown}
 z - 2 scrolls of enchant armour {unknown}
 E - 2 scrolls of immolation {unknown}
 F - 4 scrolls of teleportation {unknown}
 G - a scroll of noise {unknown}
 O - a scroll of amnesia {unknown}
 S - a scroll of torment {unknown}
Potions
 f - 5 potions of haste
 i - 4 potions of lignification
 j - 4 potions of heal wounds
 m - 7 potions of curing
 q - 4 potions of resistance
 s - 2 potions of brilliance {unknown}
 v - 4 potions of attraction {unknown}
 B - 3 potions of berserk rage {unknown}
 C - a potion of flight {unknown}
 D - a potion of might {unknown}
 H - a potion of mutation {unknown}
 L - a potion of cancellation {unknown}
 P - a potion of ambrosia {unknown}
 Q - a potion of degeneration {unknown}


   Skills:
 - Level 0.4 Fighting
 - Level 0.2 Short Blades
 + Level 5.4 Dodging
 + Level 10.1 Stealth
 + Level 1.8 Shields
 + Level 13.8 Spellcasting
 + Level 12.0 Conjurations
 + Level 2.4 Translocations


You had 18 spell levels left.
You knew the following spells:

 Your Spells              Type           Power        Failure   Level
a - Magic Dart            Conj           100%         0%          1
b - Searing Ray           Conj           100%         1%          2
c - Dazzling Flash        Conj/Hex       100%         1%          3
d - Iskenderun's Mystic   Conj/Tloc      55%          1%          4
e - Slow                  Hex            18%          1%          2
f - Mephitic Cloud        Conj/Pois/Air  40%          1%          3
g - Fulminant Prism       Conj/Hex       25%          1%          4

Your spell library contained the following spells:

 Spells                   Type           Power        Failure   Level
 Blink                    Tloc           N/A          1%          2
 Call Imp                 Summ           18%          1%          2
 Conjure Flame            Conj/Fire      50%          1%          3


Dungeon Overview and Level Annotations

Branches:
Dungeon (10/15)            Temple (1/1) D:6            Lair (0/6) D:9
Ossuary (visited)
    Orc: D:9-12

Altars:
Cheibriados
Elyvilon
Makhleb
Nemelex Xobeh
Okawaru
Qazlal
Sif Muna
Vehumet
Wu Jian
Xom
The Shining One


Message History

Press: ? - help, Shift-Dir - straight line, f - death knight
Aim: a death knight, wielding a +2 broad axe and wearing a +0 chain mail (moderately wounded, reflecting injuries, 17% to evade)
The searing ray hits the phantasmal warrior.
The phantasmal warrior is lightly damaged.
The searing ray hits the death knight!
The death knight is moderately wounded. (Press . to maintain the ray.)
The death knight reflects your damage back at you!
The phantasmal warrior closely misses you.
The searing ray hits the phantasmal warrior.
The phantasmal warrior is moderately damaged.
The searing ray hits the death knight.
The death knight is heavily wounded.
The death knight reflects your damage back at you!
The death knight's dark mirror aura disappears.
Your rakshasa barely misses the phantasmal warrior.
The phantasmal warrior hits you!!
Ouch! That really hurt!
You die...
Your body disappears without a glow.

#.# #.# #.# #.# #.#
#######.#######
.......3pW.W.W. #W##
#@R# ##.# #.# #.# #.#
# ###+## #.# .# .....#
######'### ########.##
.....# #........#
#.........# .....+
#........###.........#


You could see a death knight, a phantasmal warrior, a friendly rakshasa
(summoned) and a friendly soul eater (summoned).

Vanquished Creatures
  Harold (D:8)
  Erolcha (D:9)
  2 two-headed ogres
  Joseph (D:7)
  Psyche (D:8)
  Maggie (D:7)
  A troll (D:9)
  A hornet (D:8)
  A vampire (D:9)
  A wyvern (D:10)
  2 water moccasins
  An orc warrior (D:9)
  A black bear (D:9)
  A necrophage (D:3)
  A phantom (D:8)
  An ogre (D:4)
  4 centaurs
  A wyvern zombie (D:9)
  7 bullfrogs
  A gnoll sergeant (D:9)
  5 water moccasin zombies (Ossuary)
  4 scorpions
  A jelly (D:8)
  16 killer bees
  14 wights
  2 howler monkeys (D:7)
  11 electric eels (D:9)
  A centaur zombie (D:6)
  2 bullfrog zombies
  A quasit (D:9)
  3 hounds
  5 orc priests
  A bullfrog skeleton (D:5)
  A centaur skeleton (D:5)
  9 orc wizards
  Natasha (twice) (D:2)
  5 iguanas
  A worker ant (D:9)
  A killer bee zombie (D:5)
  2 big kobold zombies (Ossuary)
  A hound skeleton (D:9)
  A hound zombie (D:5)
  2 mummies (Ossuary)
  10 adders
  5 gnolls (D:9)
  A howler monkey skeleton (D:5)
  9 river rats (D:5)
  A shadow imp (D:6)
  2 white imps
  3 ufetubi
  An ooze (D:5)
  4 adder zombies (Ossuary)
  2 adder skeletons
  2 worms
  3 dart slugs
  4 leopard geckos
  54 orcs
  12 bats
  5 giant cockroaches
  9 goblins
  5 hobgoblins
  8 jackals
  5 kobolds
  8 quokkas
  A ball python (D:2)
  A ball python skeleton (D:4)
  3 frilled lizards
  2 gnoll zombies (Ossuary)
  7 hobgoblin zombies (Ossuary)
  6 kobold zombies (Ossuary)
  4 orc zombies (Ossuary)
  A quokka skeleton (D:5)
  29 rats
329 creatures vanquished.

Vanquished Creatures (others)
  A frilled lizard (D:5)
  19 fungi (D:9)
  34 plants
54 creatures vanquished.

Grand Total: 383 creatures vanquished

Notes
Turn   | Place    | Note
-------+----------+-------------------------------------------
     0 | D:1      | Almogavar the Deep Elf Conjurer began the quest for the
                  | Orb.
     0 | D:1      | Reached XP level 1. HP: 10/10 MP: 6/6
   650 | D:1      | Reached XP level 2. HP: 13/15 MP: 4/8
   863 | D:1      | Reached skill level 5 in Conjurations
   915 | D:1      | Learned a level 2 spell: Searing Ray
  1311 | D:1      | Reached XP level 3. HP: 19/19 MP: 6/9
  1734 | D:2      | Found a faded altar of an unknown god.
  2236 | D:2      | Noticed Natasha
  2243 | D:2      | Killed Natasha
  2244 | D:2      | Reached XP level 4. HP: 16/24 MP: 5/11
  2417 | D:2      | Reached skill level 4 in Spellcasting
  2626 | D:2      | Noticed Natasha
  2633 | D:2      | Killed Natasha
  2634 | D:2      | Reached XP level 5. HP: 28/28 MP: 7/13
  3269 | D:3      | Noticed a necrophage
  3301 | D:3      | Killed a necrophage
  3302 | D:3      | Reached skill level 5 in Spellcasting
  3302 | D:3      | Reached XP level 6. HP: 32/32 MP: 1/15
  3863 | D:4      | Found a glowing golden altar of the Shining One.
  4899 | D:5      | Entered Level 5 of the Dungeon
  4923 | D:5      | Reached XP level 7. HP: 36/36 MP: 13/17
  5110 | D:5      | Learned a level 3 spell: Dazzling Flash
  5141 | D:5      | Reached skill level 6 in Spellcasting
  5332 | D:5      | Found a white marble altar of Elyvilon.
  6378 | D:6      | Found a staircase to the Ecumenical Temple.
  6387 | Temple   | Entered the Ecumenical Temple
  6423 | Temple   | Became a worshipper of Nemelex Xobeh the Trickster
  6460 | D:6      | Found a sand-covered staircase.
  6477 | Ossuary  | Entered an ossuary
  6506 | Ossuary  | Reached skill level 7 in Spellcasting
  6681 | Ossuary  | Reached skill level 5 in Stealth
  6681 | Ossuary  | Reached XP level 8. HP: 41/41 MP: 13/21
  6688 | Ossuary  | Learned a level 4 spell: Iskenderun's Mystic Blast
  7042 | D:6      | Found a snail-covered altar of Cheibriados.
  7412 | D:6      | Found an iron altar of Okawaru.
  7473 | D:6      | Reached skill level 8 in Spellcasting
  7759 | D:6      | Found a radiant altar of Vehumet.
  8139 | D:7      | Reached * piety under Nemelex Xobeh
  8143 | D:7      | Reached skill level 9 in Spellcasting
  8266 | D:7      | Got a brightly glowing flail
  8395 | D:7      | Reached XP level 9. HP: 39/46 MP: 20/24
  8409 | D:7      | Identified the cursed +0 flail of Conscience {vorpal,
                  | Str+4} (You found it on level 7 of the Dungeon)
  8436 | D:7      | Noticed Joseph
  8447 | D:7      | Killed Joseph
  8654 | D:7      | Reached skill level 10 in Spellcasting
  9001 | D:7      | Received a gift from Nemelex Xobeh
  9159 | D:7      | Found a stormy altar of Qazlal.
  9289 | D:7      | Reached skill level 10 in Conjurations
  9407 | D:7      | Noticed Maggie
  9424 | D:7      | Killed Maggie
  9673 | D:8      | Noticed Harold
  9674 | D:8      | Identified the +0 long sword "Waodwui" {freeze, rPois rF++
                  | rC- rN+}
  9691 | D:8      | Killed Harold
  9692 | D:8      | Reached skill level 1 in Shields
  9692 | D:8      | Reached skill level 11 in Spellcasting
  9692 | D:8      | Reached XP level 10. HP: 38/51 MP: 8/27
 10128 | D:8      | Reached ** piety under Nemelex Xobeh
 10168 | D:8      | Received a gift from Nemelex Xobeh
 10600 | D:8      | Noticed Psyche
 10607 | D:8      | Killed Psyche
 10954 | D:9      | Reached skill level 12 in Spellcasting
 10979 | D:9      | Noticed a two-headed ogre
 11032 | D:9      | Killed a two-headed ogre
 11033 | D:9      | Reached skill level 10 in Stealth
 11454 | D:9      | Reached skill level 1 in Translocations
 11803 | D:9      | Reached skill level 5 in Dodging
 12660 | D:9      | Reached skill level 13 in Spellcasting
 13050 | D:9      | Noticed Erolcha
 13064 | D:9      | Killed Erolcha
 13065 | D:9      | Reached XP level 11. HP: 47/55 MP: 7/30
 13515 | D:9      | Learned a level 2 spell: Slow
 13519 | D:9      | Learned a level 3 spell: Mephitic Cloud
 13524 | D:9      | Learned a level 4 spell: Fulminant Prism
 13597 | D:9      | Found a staircase to the Lair.
 13754 | D:10     | Entered Level 10 of the Dungeon
 14030 | D:10     | Noticed a two-headed ogre
 14039 | D:10     | Killed a two-headed ogre
 14175 | D:10     | Received a gift from Nemelex Xobeh
 14216 | D:10     | Noticed a death knight
 14216 | D:10     | Noticed a phantasmal warrior
 14224 | D:10     | Slain by a phantasmal warrior

Illustrated notes

Levels and vault maps discovered:
D:1:      psy_arrival_fountain, layout_basic, serial_rivers,
          chequers_serial_rivers_large_a, chequers_serial_rivers_marsh,
          chequers_serial_rivers_micro_e, chequers_serial_rivers_large_b,
          minmay_split_cup_large
D:2:      layout_loops_ring, chequers_ecumenical_altar_simple,
          minmay_pentomino_o2, uniq_natasha
D:3:      layout_basic, chequers_serial_rivers_micro_d
D:4:      layout_cave_pods, nicolae_overflow_hidden_temple
D:5:      lemuel_ratsnest, layout_loops_ring, elyvilon_altar_4, serial_rivers,
          chequers_serial_rivers_micro_c, chequers_serial_rivers_small_a,
          chequers_serial_rivers_room_b, chequers_serial_rivers_micro_e,
          chequers_serial_rivers_room_a, serial_bayou_ford_a
D:6:      layout_loops_ring, minitemple, minmay_temple_entry_statues_fountains,
          basic_altar, chequers_ossuary_entry_cave
D:7:      layout_basic, nicolae_qazlal_style_of_elements, eino_jars,
          uniq_maggie, uniq_joseph
D:8:      layout_gridville, uniq_psyche, uniq_harold
D:9:      cheibrodos_two_vegetables, layout_basic,
          grunt_lair_entry_orc_guard_hut, uniq_erolcha
D:10:     layout_roguey
Temple:   minmay_crystal_spiral_temple

Skill      XL: |  1  2  3  4  5  6  7  8  9 10 11 |
---------------+----------------------------------+-----
Conjurations   | 5 6 7 8 9 10 11 12 | 12.0
Stealth        | 3 4 5 7 9 10 | 10.1
Spellcasting   | 4 5 7 9 11 13 | 13.8
Dodging        | 3 4 5 |  5.4
Shields        | 1 |  1.8
Translocations | 1 2 |  2.4
Fighting       | |  0.4
Short Blades   | |  0.2

Action                   |  1- 3 |  4- 6 |  7- 9 | 10-12 || total
-------------------------+-------+-------+-------+-------++-------
Melee: Dagger            |     3 |     2 |    18 |       ||    23
 Cast: Magic Dart        |    49 |    72 |    87 |   102 ||   310
       Searing Ray       |    12 |    12 |    74 |    91 ||   189
       Iskenderun's Myst |       |       |     1 |     8 ||     9
Invok: Draw Summoning    |       |       |     1 |     1 ||     2
       Draw Destruction  |       |       |       |     5 ||     5
       Draw Escape       |       |       |       |     1 ||     1
  Use: Scroll            |       |     4 |     5 |     3 ||    12
 Stab: Sleeping          |     2 |     1 |    14 |       ||    17
Armor: Robe              |     2 |       |    11 |       ||    13
       Steam dragon scal |       |       |       |    15 ||    15
Dodge: Dodged            |     7 |     4 |    50 |    54 ||   115
Block: Other             |       |       |    10 |    17 ||    27
       Reflection        |       |       |     1 |     3 ||     4
